 Dungeon Sprint DCSS version 0.27-a0-1006-g1fd4cec11e (webtiles) character file.

Game seed: 9393745356954246449

9013 mhtbhm the Sorcerer (level 11, -8/59 HPs)
             Began as a Deep Elf Earth Elementalist on Apr 17, 2021.
             Was the Champion of Vehumet.
             Engulfed by a cloud of flame (19 damage)
             ... in the Dungeon (Sprint IX: "|||||||||||||||||||||||||||||").
             The game lasted 00:06:51 (3237 turns).

mhtbhm the Sorcerer (Deep Elf Earth Elementalist)   Turns: 3237, Time: 00:06:51

Health: -8/59      AC:  6    Str: 11    XL:     11   Next: 17%
Magic:  19/39      EV: 15    Int: 24    God:    Vehumet [******]
Gold:   659        SH:  0    Dex: 15    Spells: 36/54 levels left

rFire    . . .     SeeInvis .   a - staff of conjuration
rCold    . . .     Faith    .   (no shield)
rNeg     . . .     Spirit   .   c - +0 robe
rPois    .         Reflect  .   m - +0 helmet
rElec    .         Harm     .   l - +0 cloak
rCorr    .         Rampage  .   x - +0 pair of gloves
Will     +....     NoTele   +   w - +0 pair of boots
Stlth    ++........             (no amulet)
HPRegen  0.19/turn              n - +3 ring of strength
MPRegen  0.26/turn              o - +3 ring of strength

@: no status effects
A: no striking features
a: Renounce Religion


You were in the Dungeon.
You worshipped Vehumet.
Vehumet was exalted by your worship.
You visited 1 branch You collected 659 gold pieces.

Inventory:

Missiles
 b - 10 stones
 q - 11 poisoned darts (quivered)
 y - 3 throwing nets
Armour
 c - a +0 robe (worn)
 l - a +0 cloak (worn)
 m - a +0 helmet (worn)
 w - a +0 pair of boots (worn)
 x - a +0 pair of gloves (worn)
Magical Staves
 a - a staff of conjuration (weapon)
Jewellery
 n - a +3 ring of strength (left hand)
 o - a +3 ring of strength (right hand)
Wands
 k - a wand of iceblast (3)
 v - a wand of polymorph (11)
Scrolls
 i - 2 scrolls of blinking
 j - 2 scrolls of amnesia
 r - 2 scrolls of enchant weapon
 s - 2 scrolls of identify
 t - 2 scrolls of enchant armour
 u - a scroll of magic mapping
Potions
 d - a potion of curing
 e - 5 potions of heal wounds
 f - 2 potions of haste
 g - 4 potions of magic
 h - 2 potions of berserk rage
 p - a potion of brilliance


   Skills:
 + Level 2.7 Fighting
 + Level 2.9 Staves
 + Level 7.2 Dodging
 - Level 2.5 Stealth
 + Level 22.4 Spellcasting
 + Level 1.3 Conjurations
 + Level 4.5 Transmutations
 + Level 17.7 Earth Magic
 + Level 5.1 Evocations


You had 36 spell levels left.
You knew the following spells:

 Your Spells              Type           Power      Damage    Failure   Level
a - Sandblast             Erth           100%       2d20      0%          1
b - Passwall              Tmut/Erth      57%        N/A       1%          2
c - Stone Arrow           Conj/Erth      100%       3d13      1%          3
d - Lee's Rapid Deconstr  Erth           42%        3d21*     1%          5
e - Petrify               Tmut/Erth      69%        N/A       1%          4
f - Inner Flame           Hex/Fire       26%        N/A       1%          3

Your spell library contained the following spells:

 Spells                   Type           Power      Damage    Failure   Level
 Bolt of Magma            Conj/Fire/Erth 36%        4d16      1%          5


Dungeon Overview and Level Annotations

Branches:
Dungeon (1/1)

Altars:
Cheibriados
Dithmenos
Elyvilon
Fedhas
Gozag
Hepliaklqana
Kikubaaqudgha
Makhleb
Nemelex Xobeh
Okawaru
Qazlal
Ru
Sif Muna
Trog
Uskayaw
Vehumet
Wu Jian
Xom
Yredelemnul
Zin
The Shining One
Beogh
Jiyva
Lugonu


Message History

The blast of rock fragments hits the orc warrior.
Flame seeps out of the orc warrior.
The orc warrior is lightly wounded.
You hear a shout! x2
The orc warrior is engulfed in blazing flames.
Flame seeps out of the orc warrior.
Unknown command.
Unknown command.
Casting: Lee's Rapid Deconstruction (safe; 1% risk of failure)
Confirm with . or Enter, or press ? or * to list all spells.
Aiming: Lee's Rapid Deconstruction (safe; 1% risk of failure)
Press: ? - help, Dir - move target, f - orc warrior Fragment what (e.g. wall or brittle monster)?: an orc warrior, wielding a +0 short sword and wearing a +0 chain mail (heavily wounded, inner flame)
An open door.
The stone door frame shatters!
The blast of rock fragments hits the orc warrior.
Flame seeps out of the orc warrior.
The orc warrior is severely wounded.
You hear a shout!
The orc warrior is engulfed in blazing flames.
Flame seeps out of the orc warrior.
Unknown command.
Unknown command.
You closely miss the orc warrior.
The orc warrior is almost dead.
The orc warrior hits you with a +0 short sword!
Casting: Lee's Rapid Deconstruction (safe; 1% risk of failure)
Confirm with . or Enter, or press ? or * to list all spells.
Aiming: Stone Arrow (safe; 1% risk of failure)
Press: ? - help, Shift-Dir - straight line, f/p - orc warrior
Aim: an orc warrior, wielding a +0 short sword and wearing a +0 chain mail (almost dead, inner flame, 75% to hit)
You feel a surge of power!
The stone arrow hits the orc warrior!
Vehumet accepts your kill.
You feel your power returning.
The orc warrior explodes!
The fiery explosion engulfs you!!!
Ouch! That really hurt!
* * * LOW HITPOINT WARNING * * *
You are engulfed in blazing flames.
You die...

▓▓▓▓▓▓▓▓▓▓▓▓▓▓▓▓▓▓▓▓▓▓▓▓▓▓
$$o$oo).§@.........)))....
▓▓▓▓▓▓▓▓▓▓▓▓▓▓▓▓▓▓▓▓▓▓▓▓▓▓▓▓▓▓▓▓▓
.....................)...........
▓▓▓▓▓▓▓▓▓▓▓▓▓▓▓▓▓▓▓▓▓▓▓▓▓▓▓▓▓▓▓▓▓
.†...÷÷..'.........'......)......
▓▓▓▓▓▓▓▓▓▓▓▓▓▓▓▓▓▓▓▓▓▓▓▓▓▓▓▓▓▓▓▓▓
.................................
▓▓▓▓▓▓▓▓▓▓▓▓▓▓▓▓▓▓▓▓▓▓▓▓▓▓▓▓▓▓▓▓▓
________________________'.....†..


You could see 3 orc warriors.

Vanquished Creatures
  A boulder beetle (D)
  A hydra (D)
  Harold (D)
  A centaur warrior (D)
  An orc sorcerer (D)
  2 elephants (D)
  A black mamba (D)
  A cane toad (D)
  A rime drake (D)
  4 komodo dragons (D)
  A tengu conjurer (D)
  2 yaks (D)
  A vampire mosquito (D)
  Grum (D)
  6 wargs (D)
  2 hell hounds (D)
  5 water moccasins (D)
  4 orc warriors (D)
  4 wolves (D)
  A centaur (D)
  A bullfrog (D)
  A scorpion (D)
  A killer bee (D)
  2 howler monkeys (D)
  A jelly (D)
  3 orc priests (D)
  4 orc wizards (D)
  An ufetubus (D)
  7 orcs (D)
  A bat zombie (D)
  An endoplasm (D)
  A giant cockroach (D)
  A frilled lizard (D)
  A goblin (D)
  A jackal skeleton (D)
  A kobold (D)
69 creatures vanquished.

Notes
Turn   | Place    | Note
-------+----------+-------------------------------------------
     0 | D        | mhtbhm the Deep Elf Earth Elementalist began the quest for
                  | the Orb.
     0 | D        | Reached XP level 1. HP: 10/10 MP: 6/6
   179 | D        | Noticed a jelly
   179 | D        | Noticed a scorpion
   182 | D        | Killed a scorpion
   183 | D        | Reached skill level 6 in Spellcasting
   183 | D        | Reached XP level 2. HP: 16/16 MP: 4/11
   183 | D        | Reached XP level 3. HP: 20/20 MP: 4/12
   186 | D        | Reached skill level 7 in Spellcasting
   186 | D        | Reached XP level 4. HP: 24/24 MP: 1/15
   292 | D        | Learned a level 2 spell: Passwall
   296 | D        | Learned a level 3 spell: Stone Arrow
   312 | D        | Found a snail-covered altar of Cheibriados.
   312 | D        | Found a shadowy altar of Dithmenos.
   312 | D        | Found a white marble altar of Elyvilon.
   312 | D        | Found a blossoming altar of Fedhas.
   312 | D        | Found an opulent altar of Gozag.
   313 | D        | Found a hazy altar of Hepliaklqana.
   314 | D        | Found a viscous altar of Jiyva.
   315 | D        | Found an ancient bone altar of Kikubaaqudgha.
   316 | D        | Found a corrupted altar of Lugonu.
   317 | D        | Found a burning altar of Makhleb.
   318 | D        | Found a sparkling altar of Nemelex Xobeh.
   319 | D        | Found an iron altar of Okawaru.
   320 | D        | Found a stormy altar of Qazlal.
   321 | D        | Found a sacrificial altar of Ru.
   322 | D        | Found a shimmering blue altar of Sif Muna.
   323 | D        | Found a bloodstained altar of Trog.
   324 | D        | Found a hide-covered altar of Uskayaw.
   325 | D        | Found a radiant altar of Vehumet.
   326 | D        | Found an ornate altar of the Wu Jian Council.
   327 | D        | Found a shimmering altar of Xom.
   328 | D        | Found a basalt altar of Yredelemnul.
   329 | D        | Found a glowing silver altar of Zin.
   330 | D        | Found a glowing golden altar of the Shining One.
   333 | D        | Became a worshipper of Vehumet
   385 | D        | Noticed a centaur
   388 | D        | Killed a centaur
   389 | D        | Reached skill level 1 in Fighting
   389 | D        | Reached skill level 9 in Spellcasting
   389 | D        | Reached XP level 5. HP: 9/29 MP: 15/18
   389 | D        | Reached * piety under Vehumet
   389 | D        | Offered knowledge of Magic Dart by Vehumet.
   390 | D        | Reached skill level 5 in Dodging
   390 | D        | Reached skill level 10 in Earth Magic
   390 | D        | Reached skill level 1 in Evocations
   392 | D        | Reached XP level 6. HP: 33/34 MP: 14/20
   394 | D        | Reached skill level 10 in Spellcasting
   394 | D        | Reached ** piety under Vehumet
   542 | D        | Learned a level 5 spell: Lee's Rapid Deconstruction
   547 | D        | Learned a level 4 spell: Petrify
   552 | D        | Noticed a boulder beetle
   552 | D        | Noticed a vampire mosquito
   552 | D        | Noticed a tengu conjurer
   552 | D        | Noticed a centaur warrior
   552 | D        | Noticed a five-headed hydra
   561 | D        | Killed a five-headed hydra
   562 | D        | Reached skill level 1 in Staves
   562 | D        | Reached skill level 14 in Spellcasting
   562 | D        | Reached XP level 7. HP: 17/40 MP: 2/26
   562 | D        | Reached XP level 8. HP: 19/44 MP: 2/28
   572 | D        | Killed a centaur warrior
   572 | D        | Offered knowledge of Static Discharge by Vehumet.
   573 | D        | Reached skill level 15 in Spellcasting
   845 | D        | Offered knowledge of Inner Flame by Vehumet.
   846 | D        | Reached skill level 16 in Spellcasting
   851 | D        | Killed a boulder beetle
   851 | D        | Reached *** piety under Vehumet
   852 | D        | Reached skill level 17 in Spellcasting
   852 | D        | Reached XP level 9. HP: 49/49 MP: 7/32
   898 | D        | Killed a tengu conjurer
   899 | D        | Reached skill level 18 in Spellcasting
  1108 | D        | Learned a level 3 spell: Inner Flame
  1220 | D        | Noticed a komodo dragon
  1220 | D        | Noticed a komodo dragon
  1222 | D        | Offered knowledge of Iskenderun's Mystic Blast by Vehumet.
  1223 | D        | Killed a komodo dragon
  1223 | D        | Reached **** piety under Vehumet
  1225 | D        | Killed a komodo dragon
  1225 | D        | Noticed a rime drake
  1226 | D        | Reached skill level 15 in Earth Magic
  1235 | D        | Reached skill level 19 in Spellcasting
  1235 | D        | Killed a rime drake
  1235 | D        | Reached ***** piety under Vehumet
  1236 | D        | Reached skill level 5 in Evocations
  1236 | D        | Reached XP level 10. HP: 54/54 MP: 9/35
  1372 | D        | Noticed a cane toad
  1372 | D        | Noticed a black mamba
  1377 | D        | Noticed an elephant
  1378 | D        | Killed a black mamba
  1379 | D        | Reached skill level 20 in Spellcasting
  1379 | D        | Noticed an elephant
  1380 | D        | Reached skill level 1 in Conjurations
  1389 | D        | Killed a cane toad
  1389 | D        | Killed an elephant
  1573 | D        | Killed an elephant
  1573 | D        | Offered knowledge of Ignite Poison by Vehumet.
  1573 | D        | Reached ****** piety under Vehumet
  1574 | D        | Reached skill level 21 in Spellcasting
  2089 | D        | Offered knowledge of Iron Shot by Vehumet.
  2317 | D        | Offered knowledge of Spellforged Servitor by Vehumet.
  2616 | D        | Noticed Grum
  2652 | D        | Killed Grum
  2874 | D        | Noticed Harold
  2882 | D        | Killed Harold
  2883 | D        | Reached skill level 22 in Spellcasting
  2883 | D        | Reached XP level 11. HP: 41/59 MP: 10/39
  3029 | D        | Offered knowledge of Starburst by Vehumet.
  3228 | D        | Noticed an orc sorcerer
  3231 | D        | Killed an orc sorcerer
  3231 | D        | Offered knowledge of Bolt of Magma by Vehumet.
  3237 | D        | Engulfed by a cloud of flame

Illustrated notes

Levels and vault maps discovered:
D:        linesprint [early_d, line_temple, items_1, d_10, items_2, lair_1,
          lair_end, items_3, orc_1, orc_end, items_4, d_15, swamp_1, shoals_1,
          snake_1, spider_1, d_20, vaults_1, items_5, swamp_end, shoals_end,
          snake_end, spider_end, vaults_end, d_27, items_6, zot_1, zot_end,
          crypt_end, forest_end, elf_end, slime_end, tomb_end, abyss_end,
          pan_hell_end]

Skill      XL: |  1  2  3  4  5  6  7  8  9 10 |
---------------+-------------------------------+-----
Earth Magic    | 7 9 10 12 14 15 17 | 17.7
Dodging        | 3 4 5 6 7 |  7.2
Spellcasting   | 6 7 9 14 17 19 22 | 22.4
Fighting       | 1 2 |  2.7
Evocations     | 1 2 4 5 |  5.1
Transmutations | 2 4 |  4.5
Staves         | 1 2 |  2.9
Conjurations   | 1 |  1.3
Stealth        | |  2.5

Action                   |  1- 3 |  4- 6 |  7- 9 | 10-12 || total
-------------------------+-------+-------+-------+-------++-------
Melee: Unarmed           |     6 |     1 |       |       ||     7
       Lajatang          |       |     1 |       |       ||     1
       Staff             |       |       |       |     1 ||     1
 Cast: Sandblast         |    14 |     6 |     5 |       ||    25
       Lee's Rapid Decon |       |     4 |    11 |    44 ||    59
       Petrify           |       |       |     2 |    14 ||    16
       Stone Arrow       |       |       |     3 |    12 ||    15
       Inner Flame       |       |       |       |     1 ||     1
Evoke: Wand              |       |     4 |     3 |       ||     7
  Use: Potion            |     1 |     1 |     6 |       ||     8
       Scroll            |       |     1 |       |       ||     1
Armor: Robe              |     9 |     1 |     2 |     1 ||    13
Dodge: Dodged            |    14 |     6 |    12 |     7 ||    39

Table legend: (Time is in decaauts)
 A = Elapsed time spent in this place.
 B = Non-inter-level travel time spent in this place.
 C = Inter-level travel time spent in this place.
 D = Time resting spent in this place.
 E = Time spent auto-exploring this place.
 F = Levels seen in this place.
 G = Mean time per level.
                   A        B        C        D        E       F      G
               +--------+--------+--------+--------+--------+-----+--------+
         Total |   3235 |   3235 |      0 |   2383 |    268 |   1 | 3235.0 |
       Dungeon |   3235 |   3235 |      0 |   2383 |    268 |   1 | 3235.0 |
               +--------+--------+--------+--------+--------+-----+--------+

Top non-repeatable levels by time:
       D: 3235 daAuts
